 Dungeon Crawl Stone Soup version 0.31-a0-662-g684573625c (webtiles) character file.

Game seed: 12025445601112208098

4162 cforsyth the Fighter (level 10, 0/81 HPs)
             Began as a Djinni Cinder Acolyte on Sept 1, 2023.
             Was a High Priest of Ignis.
             Slain by a death yak (16 damage)
             ... on level 8 of the Dungeon.
             The game lasted 00:14:12 (9929 turns).

cforsyth the Fighter (Djinni Cinder Acolyte)        Turns: 9929, Time: 00:14:12

Health: 0/81       AC:  6    Str: 13    XL:     10   Next: 52%
Gold:   465        EV: 10    Int: 19    God:    Ignis [*****.] SH:  0 Dex: 10

rFire   + + +        a - -1 falchion (flame)
rCold   x . .        (no shield)
rNeg    . . .        i - +0 ring mail
rPois   ∞            j - +0 helmet
rElec   .            (no cloak)
rCorr   .            (no gloves)
SInv    .            (boots unavailable)
Will    +....        (no amulet) Stlth
                     (no ring)
HPRegen 0.33/turn    (no ring)
MPRegen 0.00/turn

%: infuse magic (-1 HP)
@: about to teleport, flying
A: sickness immunity, fire resistance 2, cold vulnerability 1, float, innate
caster, HP casting, extra vitality 1
a: Renounce Religion, Fiery Armour, Foxfire Swarm, Rising Flame


You were on level 8 of the Dungeon.
You worshipped Ignis.
Ignis was extremely pleased with you.
You visited 1 branch of the dungeon, and saw 8 of its levels.
You also visited: Sewer.

You collected 465 gold pieces.

Inventory:

Hand Weapons
 a - a -1 falchion of flaming (weapon)
Armour
 b - a +0 robe
 i - a +0 ring mail (worn)
 j - a +0 helmet (worn)
 m - a +0 leather armour of poison resistance
Jewellery
 w - an amulet of the acrobat
Wands
 r - a wand of polymorph (11)
 u - a wand of flame (2)
 x - a wand of paralysis (6)
 y - a wand of mindburst (16)
Scrolls
 c - a scroll of fog {unknown}
 e - 4 scrolls of immolation {unknown}
 f - 10 scrolls of identify {unknown}
 h - 2 scrolls of teleportation
 o - 2 scrolls of enchant weapon {unknown}
 s - a scroll of fear {unknown}
Potions
 d - 3 potions of cancellation {unknown}
 g - 2 potions of might {unknown}
 k - 5 potions of haste
 l - 2 potions of heal wounds {unknown}
 n - 3 potions of invisibility {unknown}
 p - 4 potions of curing
 q - a potion of berserk rage {unknown}
 t - 2 potions of lignification {unknown}
 v - 2 potions of enlightenment {unknown}
 z - 2 potions of mutation {unknown}


   Skills:
 + Level 10.8 Fighting
 - Level 2.6 Long Blades
 + Level 8.1 Spellcasting
 + Level 8.1 Conjurations
 + Level 8.1 Hexes
 + Level 8.1 Summonings
 + Level 8.1 Necromancy
 + Level 8.1 Translocations
 + Level 8.1 Transmutations
 + Level 8.1 Fire Magic
 + Level 8.1 Ice Magic
 + Level 8.1 Air Magic
 + Level 8.1 Earth Magic
 + Level 8.1 Poison Magic


You knew the following spells:

 Your Spells              Type           Power      Damage    Failure   Level
a - Scorch                Fire           76%        2d8       1%          2
b - Slow                  Hex            100%       N/A       1%          1
c - Poisonous Vapours     Pois/Air       76%        N/A       1%          2
d - Summon Guardian Gole  Hex/Summ       38%        N/A       1%          3
e - Teleport Other        Tloc           38%        N/A       1%          3
Your spell library was empty.

Dungeon Overview and Level Annotations

Branches:
Dungeon (8/15)             Temple (0/1) D:6           Sewer (visited)
   Lair: D:8-11

Altars:
Elyvilon
Gozag
Hepliaklqana
Makhleb
Nemelex Xobeh
Zin
The Shining One

Shops:
D:3 =

Portals:
Abyss: D:3

Annotations:
D:3 2 transporters, Age's ghost, weakling MiFi
D:7 1 runed translucent door, Crazy Yiuf


Innate Abilities, Weirdness & Mutations

You are immune to sickness and miasma.
You are immune to poison.
Your flesh is very heat resistant. (rF++)
You are vulnerable to cold. (rC-)
You float through the air rather than walking.
You learn spells naturally, not from books.
Your magical power is your life essence.
You have superior vitality. (+4 MHP)


Message History

Confirm with . or Enter, or press ? or * to list all spells.
Flames lash the orc.
You kill the orc!
There is a stone staircase leading up here.
You start resting.
A death yak is nearby!
A death yak is nearby!
The death yak gores your guardian golem!
The death yak gores your guardian golem!!
Your guardian golem overheats!
A death yak comes into view. x2
Casting: Scorch (safe; 1% risk of failure)
Confirm with . or Enter, or press ? or * to list all spells.
Flames lash the death yak.
The death yak is lightly wounded.
The death yak's fire resistance burns away.
The death yak gores your guardian golem!
Your guardian golem disappears in a puff of smoke!
Your guardian golem explodes!
The fiery explosion engulfs the death yak!!!
The death yak is burned terribly!
You hear a loud, deep croak!
You hear a shout!
The death yak is engulfed in blazing flames.
Casting: Scorch (safe; 1% risk of failure)
Confirm with . or Enter, or press ? or * to list all spells.
A guardian golem appears, shielding your allies.
The death yak is no longer more vulnerable to fire.
You swap places.
The death yak is engulfed in blazing flames. x2
The death yak is engulfed in blazing flames.
The death yak gores you but does no damage.
The death yak is engulfed in blazing flames.
The death yak gores your guardian golem but does no damage.
As you read the scroll of teleportation, it crumbles to dust.
You feel strangely unstable.
A bullfrog comes into view.
The death yak gores you!!
* * * LOW HITPOINT WARNING * * *
The death yak gores you!
You die...

+..... ........# #.....
.........# #.....
.........## #...§§
..........### #...☼.
#..........# #...§.
#E#..........# #.....
###..........# #.....
........)<@Y§#########.....
..........9Y☼)○............
..........Y..§§.F..........
##...................#####
#.....#####.........+....
##.....#...#.........#....
#......'...#.........#....
#......#...#.........#....
#......#...#.........+....


You could see 3 death yaks, a bullfrog and a friendly guardian golem (summoned).

Vanquished Creatures
  Prince Ribbit (D:6)
  Grinder (D:5)
  Duvessa (D:5)
  An ice beast (D:5)
  2 black bears
  2 ogres
  A centaur (D:7)
  2 phantoms (D:5)
  4 kobold brigands (Sewer)
  2 bullfrogs
  4 scorpions
  Dowan (D:5)
  A howler monkey (D:6)
  A hound (D:4)
  3 jellies (D:6)
  5 orc priests
  2 sleepcaps
  Jessica (D:2)
  Natasha (thrice) (D:4)
  A gnoll bouda (D:5)
  2 iguanas
  3 orc wizards
  Robin (D:1)
  3 gnolls (D:5)
  7 adders
  A river rat (Sewer)
  A shadow imp (D:6)
  2 white imps
  An ufetubus (D:6)
  8 worms
  3 dart slugs
  29 orcs
  6 ball pythons
  3 bats
  9 endoplasms
  6 giant cockroaches
  10 hobgoblins
  3 jackals (D:2)
  6 quokkas
  2 frilled lizards
  16 goblins
  10 kobolds
  12 rats
183 creatures vanquished.

Vanquished Creatures (others)
  2 two-headed ogres
  An ice beast (D:7)
  A bullfrog (D:6)
  A scorpion (D:7)
  An iguana (D:5)
  An orc (D:7)
7 creatures vanquished.

Grand Total: 190 creatures vanquished

Notes
Turn   | Place    | Note
-------+----------+-------------------------------------------
     0 | D:1      | cforsyth the Djinni Cinder Acolyte began the quest for the
                  | Orb.
     0 | D:1      | cforsyth set off with the following spells memorised:
                  | Scorch.
     0 | D:1      | Reached XP level 1. HP: 20/20 MP: 0/0
   361 | D:1      | Found a faded altar of an unknown god.
   373 | D:1      | Reached XP level 2. HP: 12/25 MP: 0/0
   735 | D:1      | Reached XP level 3. HP: 24/30 MP: 0/0
   735 | D:1      | Learned a level 1 spell: Slow
  1237 | D:2      | Noticed Robin
  1419 | D:1      | Killed Robin
  1758 | D:2      | Noticed Jessica
  2105 | D:2      | Killed Jessica
  2106 | D:2      | Reached skill level 4 in Fighting
  2106 | D:2      | Reached XP level 4. HP: 31/37 MP: 0/0
  2485 | D:2      | Reached XP level 5. HP: 31/41 MP: 0/0
  2485 | D:2      | Learned a level 2 spell: Poisonous Vapours
  2674 | D:3      | Found a glowing drain.
  2831 | Sewer    | Entered a sewer
  3067 | Sewer    | Noticed a kobold brigand
  3084 | Sewer    | Killed a kobold brigand
  3085 | Sewer    | Reached XP level 6. HP: 37/49 MP: 0/0
  3158 | Sewer    | Reached skill level 5 in Fighting
  3505 | Sewer    | Reached XP level 7. HP: 48/54 MP: 0/0
  3505 | Sewer    | Learned a level 3 spell: Summon Guardian Golem
  3815 | D:3      | Found Toufamuc's Jewellery Emporium.
  3986 | D:3      | Noticed a small abomination
  4000 | D:3      | Found a glowing golden altar of the Shining One.
  4024 | D:3      | Found a transporter.
  4114 | D:3      | Noticed an ancient zyme
  4257 | D:3      | Noticed Age's ghost (weakling MiFi)
  4268 | D:3      | Found a transporter.
  4268 | D:3      | Found a one-way gate to the infinite horrors of the Abyss.
  4459 | D:4      | Noticed Natasha
  4549 | D:4      | Killed Natasha
  4550 | D:4      | Reached skill level 6 in Fighting
  5032 | D:4      | Noticed Natasha
  5036 | D:4      | Killed Natasha
  5204 | D:4      | Noticed Natasha
  5211 | D:4      | Killed Natasha
  5212 | D:4      | Reached XP level 8. HP: 47/62 MP: 0/0
  5267 | D:4      | Found an opulent altar of Gozag.
  5268 | D:4      | Found a sparkling altar of Nemelex Xobeh.
  5465 | D:5      | Entered Level 5 of the Dungeon
  5495 | D:5      | Noticed Dowan
  5496 | D:5      | Noticed Duvessa
  5508 | D:5      | Reached skill level 5 in Spellcasting
  5508 | D:5      | Reached skill level 5 in Conjurations
  5508 | D:5      | Reached skill level 5 in Hexes
  5508 | D:5      | Reached skill level 5 in Summonings
  5508 | D:5      | Reached skill level 5 in Necromancy
  5508 | D:5      | Reached skill level 5 in Translocations
  5508 | D:5      | Reached skill level 5 in Transmutations
  5508 | D:5      | Reached skill level 5 in Fire Magic
  5508 | D:5      | Reached skill level 5 in Ice Magic
  5508 | D:5      | Reached skill level 5 in Air Magic
  5508 | D:5      | Reached skill level 5 in Earth Magic
  5508 | D:5      | Reached skill level 5 in Poison Magic
  5512 | D:5      | Killed Duvessa
  5513 | D:5      | Reached skill level 7 in Fighting
  5913 | D:5      | Killed Dowan
  6805 | D:5      | Found a white marble altar of Elyvilon.
  6881 | D:5      | Reached skill level 8 in Fighting
  6881 | D:5      | Reached XP level 9. HP: 58/70 MP: 0/0
  6881 | D:5      | Learned a level 3 spell: Teleport Other
  7062 | D:5      | Noticed Grinder
  7066 | D:5      | Killed Grinder
  7098 | D:5      | Found a burning altar of Makhleb.
  7720 | D:6      | Noticed Prince Ribbit
  7739 | D:6      | Killed Prince Ribbit
  7740 | D:6      | Reached skill level 9 in Fighting
  7928 | D:6      | Found a hazy altar of Hepliaklqana.
  8281 | D:6      | Found a staircase to the Ecumenical Temple.
  8289 | D:6      | Noticed a two-headed ogre
  8308 | D:6      | Killed a two-headed ogre
  8309 | D:6      | Reached XP level 10. HP: 35/80 MP: 0/0
  8475 | D:6      | Found a glowing silver altar of Zin.
  8581 | D:6      | Reached skill level 10 in Fighting
  9725 | D:7      | Found a runed translucent door.
  9726 | D:7      | Noticed Crazy Yiuf
  9885 | D:8      | Noticed a two-headed ogre
  9890 | D:8      | Noticed a death yak
  9892 | D:8      | Killed a two-headed ogre
  9921 | D:8      | Noticed a death yak
  9921 | D:8      | Noticed a death yak
  9929 | D:8      | Slain by a death yak

Illustrated notes

Levels and vault maps discovered:
D:1:      elethiomel_arrival_quiet, layout_loops_corners,
          hellmonk_ecumenical_altar_run_dry
D:2:      layout_rooms, due_unseen_surprise, uniq_jessica, uniq_robin
D:3:      layout_loops_ring, mainiacjoe_overflow_alcove_2, portal_sewer_entry_f,
          serial_shops, shop, gammafunk_ghost_abyssal_escape,
          grunt_decor_one_mirror
D:4:      cheibrodos_greedy_goblins, layout_cave_pools,
          grunt_temple_overflow_opulence, uniq_natasha
D:5:      layout_loops_ring, kennysheep_mini, old_standard_altar, uniq_grinder,
          uniq_duvessa
D:6:      layout_basic, lemuel_tele_altar, mainiacjoe_overflow_tiny_flanked,
          minmay_temple_entry_butterflies, corexii_shack, grunt_decor_junction,
          uniq_prince_ribbit1
D:7:      layout_cave_pools, uniq_crazy_yiuf_cottage
D:8:      layout_gridville, nicolae_overflow_squiral,
          nicolae_vehumet_altar_sigil, nicolae_qazlal_style_of_elements,
          dpeg_lair_monsters, uniq_maurice

Skill      XL: |  1  2  3  4  5  6  7  8  9 10 |
---------------+-------------------------------+-----
Fighting       | 4 5 6 8 9 10 | 10.8
Spellcasting   | 3 4 6 7 8 |  8.1
Conjurations   | 3 4 6 7 8 |  8.1
Hexes          | 3 4 6 7 8 |  8.1
Summonings     | 3 4 6 7 8 |  8.1
Necromancy     | 3 4 6 7 8 |  8.1
Translocations | 3 4 6 7 8 |  8.1
Transmutations | 3 4 6 7 8 |  8.1
Fire Magic     | 3 4 6 7 8 |  8.1
Ice Magic      | 3 4 6 7 8 |  8.1
Air Magic      | 3 4 6 7 8 |  8.1
Earth Magic    | 3 4 6 7 8 |  8.1
Poison Magic   | 3 4 6 7 8 |  8.1
Long Blades    | |  2.6

Action                     |  1- 3 |  4- 6 |  7- 9 | 10-12 || total
---------------------------+-------+-------+-------+-------++-------
  Melee: Falchion          |    85 |    67 |    31 |     9 ||   192
         Punch             |     2 |     1 |     1 |       ||     4
   Cast: Scorch            |    17 |    41 |   188 |    46 ||   292
         Poisonous Vapours |       |     1 |       |       ||     1
         Summon Guardian G |       |       |     4 |     5 ||     9
    Use: Scroll            |       |     1 |       |     1 ||     2
         Potion            |       |       |     4 |       ||     4
 Armour: Robe              |    29 |       |       |       ||    29
         Ring mail         |    41 |    55 |    91 |    56 ||   243
  Dodge: Dodged            |    63 |    48 |    49 |    34 ||   194

Table legend: (Time is in decaauts)
 A = Elapsed time spent in this place.
 B = Non-inter-level travel time spent in this place.
 C = Inter-level travel time spent in this place.
 D = Time resting spent in this place.
 E = Time spent auto-exploring this place.
 F = Levels seen in this place.
 G = Mean time per level.
                   A        B        C        D        E       F      G
               +--------+--------+--------+--------+--------+-----+--------+
         Total |   9960 |   9698 |    262 |   1964 |   6380 |   9 | 1106.7 |
       Dungeon |   8989 |   8727 |    262 |   1900 |   5656 |   8 | 1123.6 |
         Sewer |    970 |    970 |      0 |     64 |    724 |   1 |  970.0 |
               +--------+--------+--------+--------+--------+-----+--------+

Top non-repeatable levels by time:
     D:1: 2010 daAuts
     D:6: 1672 daAuts
     D:4: 1589 daAuts
     D:5: 1203 daAuts
   Sewer: 970 daAuts
     D:3: 917 daAuts
     D:7: 791 daAuts
     D:2: 671 daAuts
     D:8: 133 daAuts
